 Dungeon Crawl Stone Soup version 0.30.1-3-gfc49f6343a (webtiles) character file.

Game seed: 15126116174268271381

62 Peloso the Covered (level 3, -5/33 HPs)
             Began as a Minotaur Fighter on July 21, 2023.
             Slain by Sigmund
             ... wielding a +0 scythe
              (10 damage)
             ... on level 2 of the Dungeon.
             The game lasted 00:02:03 (1038 turns).

Peloso the Covered (Minotaur Fighter)               Turns: 1038, Time: 00:02:04

Health: -5/33      AC:  7    Str: 20    XL:     3   Next: 85%
Magic:  2/2        EV:  9    Int:  5    God:
Gold:   41         SH:  4    Dex: 11    Spells: 2/2 levels left

rFire   . . .        a - +0 long sword
rCold   . . .        c - +0 buckler
rNeg    . . .        b - +0 scale mail
rPois   .            (helmet restricted)
rElec   .            (no cloak)
rCorr   .            (no gloves)
SInv    .            (no boots)
Will    .....        (no amulet) Stlth
                     (no ring)
HPRegen 0.25/turn    (no ring)
MPRegen 0.08/turn

%: no passive effects
@: mighty
A: horns 2, retaliatory headbutt
a: no special abilities


You were on level 2 of the Dungeon.
You visited 1 branch of the dungeon, and saw 2 of its levels.

You collected 41 gold pieces.

Inventory:

Hand Weapons
 a - a +0 long sword (weapon)
Armour
 b - a +0 scale mail (worn)
 c - a +0 buckler (worn)
Scrolls
 e - 2 scrolls of enchant armour {unknown}
 f - a scroll of fear {unknown}
 g - 3 scrolls of identify {unknown}
 h - 3 scrolls of torment {unknown}
Potions
 i - a potion of cancellation {unknown}


   Skills:
 + Level 4.2 Fighting
 + Level 3.2 Long Blades
 + Level 4.5 Armour
 + Level 0.3 Dodging
 + Level 4.0 Shields


You had 2 spell levels left.
You didn't know any spells.
Your spell library contained the following spells:

 Spells                   Type           Power      Damage    Failure   Level
 Freeze                   Ice            0%         1d3       88%         1
 Frozen Ramparts          Ice            0%         1d1       99%         3
 Hailstorm                Conj/Ice       0%         3d3       99%         3


Dungeon Overview and Level Annotations

Branches:
Dungeon (2/15)

Altars:

Shops:
D:2 *

Annotations:
D:2 Sigmund


Innate Abilities, Weirdness & Mutations

You have a pair of horns on your head.
You reflexively headbutt those who attack you in melee.


Message History

You closely miss the goblin.
The goblin is heavily wounded.
The goblin hits you but does no damage.
You closely miss the goblin.
The goblin is heavily wounded.
Sigmund closely misses you. The goblin hits you with a +0 club.
You feel very mighty all of a sudden. The goblin hits you but does no damage.
Sigmund mumbles some strange words.
Sigmund flickers and vanishes!
Deactivating autopickup; reactivate with Ctrl-A.
You closely miss the goblin. You headbutt the goblin.
You kill the goblin!
Something hits you but does no damage. Something hits you.
Things that are here:
a +0 club; 4 gold pieces; an adder corpse You barely miss something.
You barely miss something. Your headbutt misses something.
Something hits you but does no damage.
You slash something! Something hits you but does no damage.
You miss something. Your headbutt misses something. Something hits you!
You barely miss something. Something hits you.
You miss something.
You hear some strange, mumbled words.
Something tries to affect you, but you resist.
You miss something. Your headbutt misses something.
Something hits you but does no damage.
You miss something. Your headbutt misses something. Something hits you.
You closely miss something. You barely miss something. You headbutt something.
You hear some strange, mumbled words.
A magic dart appears from out of thin air!
The magic dart hits you but does no damage.
Something hits you!
* * * LOW HITPOINT WARNING * * *
You barely miss something. Something hits you but does no damage.
You closely miss something. You barely miss something. Something hits you!
You die...

#..# #..# #..#
#..# #..# #..#
#..####.#.#
#...@{...# #..
##.####.## #.#
#.# #.# #.# #
#.# #.#
####.##### #.#
.........## #.#
..........####.#
.....#..#..##..#


There were no monsters in sight!

Vanquished Creatures
  An adder (D:2)
  2 dart slugs
  2 ball pythons (D:1)
  4 endoplasms
  2 giant cockroaches (D:1)
  4 goblins
  7 hobgoblins
  2 jackals (D:2)
  3 quokkas
  4 bats (D:1)
  7 kobolds
  4 rats
42 creatures vanquished.

Notes
Turn   | Place    | Note
-------+----------+-------------------------------------------
     0 | D:1      | Peloso the Minotaur Fighter began the quest for the Orb.
     0 | D:1      | Reached XP level 1. HP: 19/19 MP: 0/0
   214 | D:1      | Reached XP level 2. HP: 24/27 MP: 1/1
   322 | D:1      | Found a faded altar of an unknown god.
   501 | D:1      | Reached XP level 3. HP: 29/33 MP: 2/2
   785 | D:2      | Found Noxuma Rogho's Assorted Antiques.
  1018 | D:2      | Noticed Sigmund
  1038 | D:2      | Slain by Sigmund

Illustrated notes

Levels and vault maps discovered:
D:1:      shiori_arrival_maze, layout_rooms, nicolae_ecumenical_lake_church,
          skrybe_limestone_x, minmay_misc_feat_rugged,
          chequers_serial_rivers_micro_b, minmay_misc_feat_iff, st_stairs_11
D:2:      layout_loops_ring, serial_shops, shop, uniq_sigmund

Skill      XL: |  1  2  3 |
---------------+----------+-----
Armour         | 4 |  4.5
Fighting       | 4 |  4.2
Shields        | 4 |  4.0
Long Blades    | 3 |  3.2
Dodging        | |  0.3

Action                     || total
---------------------------++-------
  Melee: Long sword        ||   117
         Headbutt          ||    14
    Use: Potion            ||     1
 Armour: Scale mail        ||    70
  Dodge: Dodged            ||    58
  Block: Buckler           ||    25
